 Dungeon Crawl Stone Soup version bcrawl-1.12-10-g10a67aac0f (webtiles) character file.

Game seed: 11166213431479414460

275 Gumption the Sneak (level 6, 0/37 HPs)
             Began as a Dusk Walker Archaeologist on June 18, 2019.
             Was an Initiate of Hepliaklqana.
             Slain by a hippogriff (1 damage)
             ... on level 3 of the Dungeon.
             The game lasted 00:15:29 (2734 turns).

Gumption the Sneak (Dusk Walker Archaeologist)      Turns: 2734, Time: 00:15:30

Health: 0/37       AC: 10    Str: 13    XL:     6   Next: 3%
Magic:  6/6        EV: 12    Int: 15    God:    Hepliaklqana [......]
Gold:   92         SH:  0    Dex: 11    Spells: 5/5 levels left

rFire    . . .     SeeInvis .   a - +0 dagger (venom)
rCold    . . .     Gourm    .   (no shield)
rNeg     . . .     Faith    .   h - +0 ring mail
rPois    .         Spirit   .   n - +1 hat
rElec    .         Reflect  .   (no cloak)
rCorr    .         Harm     .   d - +1 pair of gloves
MR       .....                  c - +1 pair of boots
Stlth    ++++......             (no amulet)
HPRegen  0.12/turn              (no ring)
MPRegen  0.10/turn              (no ring)

@: studying Spellcasting
A: draining touch, unencumbered stealth, reduced essence, fangs 2, nightstalker
1
a: Recall Ancestor, Ancestor Identity, Renounce Religion


You were on level 3 of the Dungeon.
You worshipped Hepliaklqana.
Hepliaklqana was noncommittal.
You were not hungry.

You visited 1 branch of the dungeon, and saw 3 of its levels.

You collected 92 gold pieces.

Inventory:

Hand Weapons
 a - a +0 dagger of venom (weapon)
 b - a +0 blowgun
 o - a +0 dagger
Missiles
 t - 136 poisoned needles
Armour
 c - a +1 pair of boots (worn)
 d - a +1 pair of gloves (worn)
 h - a +0 ring mail (worn)
 n - a +1 hat (worn)
Scrolls
 i - a scroll of enchant weapon {unknown}
 k - 3 scrolls of teleportation {unknown}
 m - a scroll of fear {unknown}
 p - 2 scrolls of enchant armour {unknown}
 q - 2 scrolls of identify {unknown}
Potions
 j - a potion of curing {unknown}
 l - a potion of brilliance {unknown}
 r - a potion of ambrosia {unknown}
 s - a potion of mutation {unknown}
 v - a potion of cancellation {unknown}
Books
 g - a manual of Spellcasting
Miscellaneous
 f - an ancient crate
Comestibles
 e - 7 rations {!d}


   Skills:
 + Level 3.0 Fighting
 + Level 3.0 Armour
 + Level 4.2 Dodging
 + Level 6.8 Stealth


You had 5 spell levels left.
You didn't know any spells.
Your spell library contained the following spells:

 Spells                   Type           Power        Failure   Level  Hunger
 Confuse                  Hex            #.......     86%         3    ####...
 Dazzling Spray           Conj/Hex       #.....       86%         3    ####...
 Petrify                  Tmut/Erth      #.......     99%         4    #####..
 Yara's Violent Unravell  Hex/Tmut       #.........   99%         4    #####..
 Metabolic Englaciation   Hex/Ice        #.........   100%        5    ######.


Dungeon Overview and Level Annotations

Branches:
Dungeon (3/12)

Altars:
Hepliaklqana
Xom


Innate Abilities, Weirdness & Mutations

Your attacks drain your enemies.
You move stealthily even while encumbered by armour.
You have extremely sharp teeth.
You are slightly more attuned to the shadows.
Your life essence is reduced to manifest your ancestor. (-10% HP)


Message History

The hippogriff bites you but does no damage.
The hippogriff closely misses you. The hippogriff misses you.
The orc misses you. The adder bites you but does no damage.
The frilled lizard bites you but does no damage.
The hippogriff bites you!
* * * LOW HITPOINT WARNING * * *
The hippogriff barely misses you. The hippogriff claws you.
* * * LOW HITPOINT WARNING * * *
The adder bites you but does no damage.
Items here: ! )) ? [ a +0 dagger; a +0 robe; a +0 club; a glowing grey potion 3 scrolls labeled OWOSSI SIVYPUNLUNI
* * * LOW HITPOINT WARNING * * *
You feel sick.
You are no longer poisoned.
You hit the hippogriff but do no damage.
The hippogriff looks as sick as possible!
The hippogriff is lightly wounded.
The hippogriff bites you.
You die...

.......####.).).....#
.........#
#######....
.........# ###.#.# #
######## #...#..
##### ######.#####
.....# ####)..[..# #
...%..#####....######
# ......l#....####
......SH@####
...%.oo### ......)#
.......# ........ .
.......# # .......#
...<...#


You could see a hippogriff, an adder, 2 orcs and a frilled lizard.

Vanquished Creatures
  A crimson imp (D:3)
  2 orc wizards (D:3)
  An orc priest (D:3)
  A hound (D:3)
  3 adders (D:3)
  2 oozes (D:2)
  A worm (D:3)
  2 dart slugs
  3 leopard geckos
  4 orcs (D:3)
  13 bats
  4 goblins
  2 hobgoblins
  6 jackals
  4 kobolds
  2 quokkas
  4 rats
55 creatures vanquished.

Vanquished Creatures (collateral kills)
  An adder (D:3)
  2 worms (D:3)
  2 orcs (D:3)
  2 kobolds (D:3)
  A frilled lizard (D:3)
8 creatures vanquished.

Vanquished Creatures (others)
  3 ancestors (D:3)
3 creatures vanquished.

Grand Total: 66 creatures vanquished

Notes
Turn   | Place    | Note
-------+----------+-------------------------------------------
     0 | D:1      | Gumption the Dusk Walker Archaeologist began the quest for
                  | the Orb.
     0 | D:1      | Reached XP level 1. HP: 13/13 MP: 1/1
   223 | D:1      | Reached skill level 5 in Stealth
   508 | D:1      | Reached XP level 2. HP: 18/18 MP: 2/2
  1045 | D:2      | Reached skill level 1 in Armour
  1177 | D:2      | Reached XP level 3. HP: 24/24 MP: 3/3
  1620 | D:2      | Found a shimmering altar of Xom.
  1621 | D:2      | Found a hazy altar of Hepliaklqana.
  1621 | D:2      | Noticed a spectral ugly thing
  1622 | D:2      | Noticed a spectral ugly thing
  1622 | D:2      | Noticed a spectral ugly thing
  1698 | D:2      | Became a worshipper of Hepliaklqana the Forgotten
  1762 | D:3      | Gained mutation: You are slightly more attuned to the
                  | shadows. [Dusk Walker growth]
  1762 | D:3      | Reached XP level 4. HP: 18/26 MP: 4/4
  2035 | D:3      | Reached skill level 6 in Stealth
  2162 | D:3      | HP: 1/27 [orc priest/cursed -1 short sword (2)]
  2165 | D:3      | Reached XP level 5. HP: 1/31 MP: 5/5
  2721 | D:3      | Noticed a hippogriff
  2731 | D:3      | Reached XP level 6. HP: 14/37 MP: 6/6
  2733 | D:3      | HP: 1/37 [poisoned by an adder]
  2734 | D:3      | Slain by a hippogriff

Skill      XL: |  1  2  3  4  5 |
---------------+----------------+-----
Stealth        | 5 6 |  6.8
Armour         | 1 2 3 |  3.0
Fighting       | 2 3 |  3.0
Dodging        | 4 |  4.2

Action                   |  1- 3 |  4- 6 || total
-------------------------+-------+-------++-------
Melee: Unarmed           |    19 |       ||    19
       Dagger            |   105 |    74 ||   179
       Bite              |     7 |     5 ||    12
 Fire: Blowgun           |       |     7 ||     7
 Stab: Sleeping          |    11 |     4 ||    15
  Eat: Chunk             |     3 |     3 ||     6
Armor: Robe              |    25 |       ||    25
       Ring mail         |    44 |    46 ||    90
Dodge: Dodged            |    90 |    75 ||   165
